 Dungeon Crawl Stone Soup version 0.26-a0-317-ge2f3d4a7ca (webtiles) character file.

Game seed: 1844097818125220048

189 MrRokkomies the Sneak (level 5, -2/24 HPs)
             Began as a Spriggan Venom Mage on July 16, 2020.
             Was an Initiate of Sif Muna.
             Killed by divine providence
             ... invoked by an orc priest
              (15 damage)
             ... on level 2 of the Dungeon.
             The game lasted 00:07:51 (2591 turns).

MrRokkomies the Sneak (Spriggan Venom Mage)         Turns: 2591, Time: 00:07:52

Health: -2/24      AC:  2    Str:  5    XL:     5   Next: 40%
Magic:  6/10       EV: 18    Int: 16    God:    Sif Muna [......]
Gold:   84         SH:  6    Dex: 17    Spells: 0/9 levels left

rFire    . . .     SeeInvis +   a - +2 dagger (vamp)
rCold    . . .     Faith    .   g - +0 buckler
rNeg     . . .     Spirit   .   f - +0 robe
rPois    .         Reflect  .   (helmet restricted)
rElec    .         Harm     .   (no cloak)
rCorr    .                      (gloves unavailable)
MR       .....                  (boots unavailable)
Stlth    +++.......             (no amulet)
HPRegen  0.08/turn              (no ring)
MPRegen  0.12/turn              (no ring)

@: very slightly contaminated, very quick
A: very small, unfitting armour, see invisible, speed 3
a: Renounce Religion


You were on level 2 of the Dungeon.
You worshipped Sif Muna.
Sif Muna was noncommittal.
You visited 1 branch of the dungeon, and saw 2 of its levels.

You collected 84 gold pieces.

Inventory:

Hand Weapons
 a - a +2 vampiric dagger (weapon)
 b - a +0 mace
Armour
 f - a +0 robe (worn)
 g - a +0 buckler (worn)
Scrolls
 d - a scroll of immolation
 i - a scroll of amnesia
 n - a scroll of remove curse
 o - a scroll of fog {unknown}
Potions
 c - 2 potions of degeneration {unknown}
 e - 2 potions of invisibility {unknown}
 h - 2 potions of stabbing
 j - a potion of heal wounds {unknown}
 k - 4 potions of curing {unknown}
 l - a potion of lignification {unknown}
 m - a potion of ambrosia {unknown}


   Skills:
 - Level 3.2 Dodging
 + Level 4.3 Stealth
 + Level 0.8 Shields
 - Level 2.6 Spellcasting
 * Level 3.8 Transmutations
 * Level 1.8 Air Magic
 * Level 4.1 Poison Magic


You couldn't memorise any spells.
You knew the following spells:

 Your Spells              Type           Power        Failure   Level
a - Sting                 Tmut/Pois      ##..         6%          1
b - Poisonous Vapours     Pois/Air       ##....       14%         2
c - Mephitic Cloud        Conj/Pois/Air  #.......     38%         3
d - Ignite Poison         Fire/Tmut/Pois ##......     30%         3

Your spell library contained the following spells:

 Spells                   Type           Power        Failure   Level
 Olgreb's Toxic Radiance  Pois           ###.....     50%         4


Dungeon Overview and Level Annotations

Branches:
Dungeon (2/15)

Altars:
Sif Muna


Innate Abilities, Weirdness & Mutations

You are very small and have problems with some larger weapons.
You are too small for most types of armour.
You have supernaturally acute eyesight. (SInv)
You cover ground extremely quickly.


Message History

The orc wizard is engulfed in poison gas.
The orc wizard is poisoned.
Casting: Poisonous Vapours (safe; 14% risk of failure)
Confirm with . or Enter, or press ? or * to list all spells.
Aiming: Poisonous Vapours (safe; 14% risk of failure)
Press: ? - help, Dir - move target cursor, f - orc priest
Aim: an orc priest, wielding a +0 club and wearing a +0 ring mail You miscast Poisonous Vapours.
You are very lightly contaminated with residual magic.
Nothing appears to happen.
The goblin closely misses you.
The orc priest invokes the aid of Beogh against you.
Beogh smites you!
Number of times to repeat, then command key: You must enter the number of times for the command to repeat.
Unknown command.
Unknown command.
The orc priest mumbles some strange prayers to Beogh against you.
Beogh smites you!
Ouch! That really hurt!
You die...

.##)รท####..###..#..#.##
...#.................#
##...........#########
..<.........##########
###.)......)..##.....#
......##.##....#.....#
...##................#
##.##.......#.#.....)#
##.###......#.#.@....#
...# ##.....#..#.....#
#### #.....##.......#
#######.....###g...^.#
......#.....# #.######
#####>..###.. #o# ###.
##. #.# . . .o. # .###..


You could see an orc priest, an orc and a goblin.

Vanquished Creatures
  Jessica (D:2)
  Natasha (thrice) (D:2)
  3 adders (D:2)
  2 oozes (D:2)
  An adder skeleton (D:2)
  A worm (D:2)
  3 dart slugs
  4 bats
  2 giant cockroaches (D:2)
  3 goblins
  8 hobgoblins
  4 jackals (D:1)
  6 kobolds
  2 frilled lizards
  3 rats (D:1)
46 creatures vanquished.

Notes
Turn   | Place    | Note
-------+----------+-------------------------------------------
     0 | D:1      | MrRokkomies the Spriggan Venom Mage began the quest for the
                  | Orb.
     0 | D:1      | Reached XP level 1. HP: 9/9 MP: 5/5
   495 | D:1      | Reached XP level 2. HP: 6/13 MP: 3/6
   655 | D:1      | Learned a level 2 spell: Poisonous Vapours
  1753 | D:2      | Reached XP level 3. HP: 16/16 MP: 5/8
  1984 | D:2      | Noticed Jessica
  1995 | D:2      | Reached skill level 1 in Air Magic
  2000 | D:2      | Killed Jessica
  2000 | D:2      | Reached XP level 4. HP: 12/21 MP: 4/9
  2013 | D:2      | Noticed Natasha
  2020 | D:2      | Killed Natasha
  2030 | D:2      | Noticed Natasha
  2042 | D:2      | Killed Natasha
  2042 | D:2      | Reached XP level 5. HP: 21/24 MP: 0/10
  2183 | D:2      | Noticed Natasha
  2192 | D:2      | Killed Natasha
  2394 | D:2      | Found a shimmering blue altar of Sif Muna.
  2397 | D:2      | Became a worshipper of Sif Muna the Loreminder
  2556 | D:2      | Learned a level 3 spell: Mephitic Cloud
  2560 | D:2      | Learned a level 3 spell: Ignite Poison
  2591 | D:2      | Killed from afar by an orc priest

Illustrated notes

Levels and vault maps discovered:
D:1:      dpeg_arrival_boxorama, layout_basic, minmay_misc_feat_chi
D:2:      layout_rooms, lemuel_blue_sif_altar, kennysheep_small_spiral,
          minmay_tetromino_t2, uniq_natasha, uniq_jessica

Skill      XL: |  1  2  3  4  5 |
---------------+----------------+-----
Transmutations | 2 3 |  3.8
Air Magic      | 1 |  1.8
Stealth        | 4 |  4.3
Poison Magic   | 4 |  4.1
Dodging        | |  3.2
Shields        | |  0.8
Spellcasting   | |  2.6

Action                   |  1- 3 |  4- 6 || total
-------------------------+-------+-------++-------
Melee: Mace              |    22 |       ||    22
       Dagger            |    72 |    62 ||   134
 Cast: Sting             |    28 |    14 ||    42
       Poisonous Vapours |     1 |     1 ||     2
  Use: Scroll            |     7 |       ||     7
 Stab: Sleeping          |     2 |     4 ||     6
       Distracted        |     1 |       ||     1
Armor: Robe              |     6 |       ||     6
Dodge: Dodged            |    79 |    38 ||   117
Block: Buckler           |    20 |    13 ||    33

Table legend:
 A = Non-vault XP
 B = Vault XP
 C = Vault XP percentage of total XP
 D = Non-vault monster count
 E = Vault monster count
 F = Vault count percentage of total count
                 A         B        C        D         E       F
            +---------+---------+-------+---------+---------+-------
      Total |     199 |      72 |  26.6 |      44 |       2 |   4.3
            +---------+---------+-------+---------+---------+-------
        D:1 |      34 |       0 |   0.0 |      19 |       0 |   0.0
        D:2 |     165 |      72 |  30.4 |      25 |       2 |   7.4
            +---------+---------+-------+---------+---------+-------
